 Dungeon Crawl Stone Soup version 0.27.1-1-g398f81649c (webtiles) character file.

Game seed: 14408381386110885529

2172 MajorAdolf the Disciple of Destruction (level 9, -4/73 (82) HPs)
             Began as a Naga Wanderer on Sept 12, 2021.
             Was a Follower of Makhleb.
             Slain by a troll (7 damage)
             ... on level 7 of the Dungeon.
             The game lasted 00:21:44 (12720 turns).

MajorAdolf the Disciple of Destruction (NaWn)      Turns: 12720, Time: 00:21:45

HP:   -4/73 (82)    AC: 10    Str: 20    XL:     9   Next: 32%
MP:   15/15         EV:  8    Int: 11    God:    Makhleb [*.....]
Gold: 178           SH:  9    Dex: 10    Spells: 8/8 levels left

rFire    + . .     SeeInvis +   F - +5 long sword
rCold    . . .     Faith    .   A - +0 kite shield
rNeg     . . .     Spirit   .   l - +2 robe {rF+}
rPois    +         Reflect  .   t - +1 helmet
rElec    .         Harm     .   i - +0 cloak
rCorr    .         Rampage  .   B - +0 pair of gloves
Will     +....                  (no barding)
Stlth    +.........             e - amulet of regeneration
HPRegen  1.22/turn              (no ring)
MPRegen  0.14/turn              (no ring)

@: heavily drained, very slow
A: AC +3, large, see invisible, deformed body, poison resistance, slowness 2,
spit poison 1, naga tail 1
a: Spit Poison, Renounce Religion


You were on level 7 of the Dungeon.
You worshipped Makhleb.
Makhleb was aware of your devotion.
You visited 2 branches of the dungeon, and saw 9 of its levels.

You collected 304 gold pieces.
You spent 126 gold pieces at shops.

Inventory:

Hand Weapons
 a - a +0 hand crossbow
 k - a +0 short sword
 q - a +0 falchion
 u - a +1 dagger of venom
 x - a +2 short sword
 E - a +2 war axe
 F - a +5 long sword (weapon)
Missiles
 c - 56 bolts
 y - 8 poisoned darts
 z - 2 throwing nets
Armour
 d - a +0 ring mail
 i - a +0 cloak (worn)
 l - a +2 robe of fire resistance (worn)
 o - a +0 buckler of reflection
 t - a +1 helmet (worn)
 A - a +0 kite shield (worn)
 B - a +0 pair of gloves (worn)
Magical Staves
 n - a staff of fire
Jewellery
 e - an amulet of regeneration (around neck)
Wands
 b - a wand of charming (10)
 C - a wand of iceblast (7)
 D - a wand of paralysis (4) (quivered)
Scrolls
 f - a scroll of amnesia
 g - 4 scrolls of teleportation
 m - a scroll of blinking
 p - 2 scrolls of identify
 G - a scroll of brand weapon {unknown}
Potions
 h - a potion of heal wounds
 j - a potion of brilliance
 r - a potion of magic {unknown}
 s - 3 potions of curing
 v - a potion of ambrosia {unknown}
 w - 2 potions of attraction {unknown}


   Skills:
 - Level 6.0 Fighting
 - Level 4.3 Axes
 - Level 1.3 Crossbows
 - Level 3.0 Armour
 - Level 0.2 Dodging
 - Level 0.1 Stealth
 + Level 4.8 Shields
 + Level 8.6 Invocations
 - Level 1.0 Evocations


You had 8 spell levels left.
You didn't know any spells.
Your spell library contained the following spells:

 Spells                   Type           Power      Damage    Failure   Level
 Freeze                   Ice            0%         1d3       65%         1
 Frozen Ramparts          Ice            0%         1d2       95%         3
 Hailstorm                Conj/Ice       0%         3d3       100%        4


Dungeon Overview and Level Annotations

Branches:
Dungeon (8/15)             Temple (1/1) D:4
   Lair: D:8-11

Altars:
Ashenzari
Cheibriados
Dithmenos
Elyvilon
Gozag
Hepliaklqana
Kikubaaqudgha
Makhleb
Nemelex Xobeh
Okawaru
Sif Muna
Trog
Uskayaw
Vehumet
Wu Jian
Xom
Yredelemnul
Zin
The Shining One
Lugonu

Shops:
D:7 [

Annotations:
D:7 Dowan, Duvessa


Innate Abilities, Weirdness & Mutations

Your serpentine skin is tough. (AC +3)
You have supernaturally acute eyesight. (SInv)
Armour fits poorly on your strangely shaped body.
Your system is resistant to poisons. (rPois)
You cover ground very slowly.
You can spit poison.
You have a snake-like lower body.


Message History

You block the troll's attack. The troll claws you.
* * * LOW HITPOINT WARNING * * *
The troll claws you but does no damage.
Unknown command.
You barely miss the troll.
The troll is severely wounded.
The troll bites you but does no damage. You block the troll's attack. x3
The troll barely misses you. The troll claws you but does no damage.
Unknown command.
You hit the troll.
The troll is severely wounded.
The troll barely misses you. x3
You hit the troll but do no damage.
The troll is severely wounded.
You block the troll's attack. The troll barely misses you. The troll claws you.
* * * LOW HITPOINT WARNING * * *
The troll bites you but does no damage. You block the troll's attack.
The troll closely misses you.
Unknown command.
Okay, then.
Aiming: Paralyse
Press: ? - help, Shift-Dir - straight line, f/p - two-headed ogre
Aim: a two-headed ogre, wielding two +0 giant spiked clubs (chance to affect: 31%)
The troll resists with some effort.
The troll bites you but does no damage. You block the troll's attack. x2
Unknown command.
Aiming: Paralyse
Press: ? - help, Shift-Dir - straight line, f/p - two-headed ogre
Aim: a two-headed ogre, wielding two +0 giant spiked clubs (chance to affect: 31%)
The troll resists with some effort.
You block the troll's attack. The troll claws you!
* * * LOW HITPOINT WARNING * * *
You block the troll's attack.
Aiming: Paralyse
Press: ? - help, Shift-Dir - straight line, f/p - two-headed ogre
Aim: a two-headed ogre, wielding two +0 giant spiked clubs (chance to affect: 31%)
The troll resists with some effort.
The troll bites you!
* * * LOW HITPOINT WARNING * * *
The troll claws you!
You die...

#.....∩....#.#
#..........#.####
##.#....>.......######.
#.##.........#........
#.##..........########
#.#######....## #.#
###.## ... #.# #.# #@#
#T# .O[ ..... .......
......... '.........'
##.........##


You could see a two-headed ogre and a troll.

Vanquished Creatures
  A wraith (D:5)
  A water moccasin (D:6)
  A sky beast (D:5)
  An orc warrior (D:7)
  A black bear (D:4)
  A necrophage (D:5)
  An ogre (D:6)
  A centaur (D:6)
  A phantom (D:4)
  Blork the orc (D:6)
  A gnoll sergeant (D:6)
  4 scorpions
  5 wights
  3 hounds
  3 orc priests
  A jelly (D:4)
  A gnoll shaman (Temple)
  Jessica (D:3)
  An iguana (D:6)
  7 orc wizards
  A killer bee zombie (D:6)
  2 howler monkey skeletons
  7 gnolls
  8 adders
  5 worms
  2 dart slugs
  16 orcs
  3 bats (D:1)
  8 endoplasms
  2 giant cockroaches (D:3)
  6 goblins
  5 hobgoblins
  9 jackals
  3 quokkas
  9 ball pythons
  A frilled lizard (D:2)
  8 kobolds
  2 rats (D:1)
134 creatures vanquished.

Vanquished Creatures (others)
  An orc wizard (D:7)
  An orc (D:5)
  2 plants (D:1)
4 creatures vanquished.

Grand Total: 138 creatures vanquished

Notes
Turn   | Place    | Note
-------+----------+-------------------------------------------
     0 | D:1      | MajorAdolf the Naga Wanderer began the quest for the Orb.
     0 | D:1      | MajorAdolf set off with the following items: a +0 hand
                  | crossbow, a wand of charming (15), 26 bolts, a +0 ring mail
     0 | D:1      | Reached XP level 1. HP: 18/18 MP: 1/1
   333 | D:1      | Reached XP level 2. HP: 11/25 MP: 2/2
  1116 | D:1      | Reached XP level 3. HP: 31/31 MP: 3/3
  1870 | D:2      | Reached skill level 1 in Crossbows
  2332 | D:2      | Reached XP level 4. HP: 38/38 MP: 4/4
  3010 | D:3      | Noticed Jessica
  3018 | D:3      | Killed Jessica
  3019 | D:3      | Reached XP level 5. HP: 46/46 MP: 5/5
  3508 | D:4      | Reached XP level 6. HP: 49/57 MP: 6/6
  3586 | D:4      | Noticed a black bear
  3602 | D:4      | Killed a black bear
  3626 | D:4      | Found a snail-covered altar of Cheibriados.
  3679 | D:4      | Reached skill level 5 in Fighting
  3768 | D:4      | Found a glowing silver altar of Zin.
  3768 | D:4      | Found a basalt altar of Yredelemnul.
  3768 | D:4      | Found a broken altar of Ashenzari.
  3768 | D:4      | Found a shadowy altar of Dithmenos.
  3769 | D:4      | Found a burning altar of Makhleb.
  3769 | D:4      | Found a bloodstained altar of Trog.
  3769 | D:4      | Found a white marble altar of Elyvilon.
  3773 | D:4      | Became a worshipper of Makhleb the Destroyer
  3903 | D:4      | Reached XP level 7. HP: 61/67 MP: 7/7
  3911 | D:4      | Found a staircase to the Ecumenical Temple.
  3932 | Temple   | Entered the Ecumenical Temple
  3983 | D:4      | Reached skill level 1 in Invocations
  4636 | D:4      | Reached skill level 2 in Invocations
  5067 | D:5      | Entered Level 5 of the Dungeon
  5110 | D:5      | Noticed a wraith
  5340 | D:6      | Noticed Blork the orc
  5350 | D:6      | Killed Blork the orc
  5379 | D:6      | Reached skill level 3 in Invocations
  5468 | D:6      | Reached * piety under Makhleb
  5492 | D:6      | Reached skill level 4 in Invocations
  5667 | D:6      | Found an ornate altar of the Wu Jian Council.
  5681 | D:6      | Reached XP level 8. HP: 58/76 MP: 11/11
  5709 | D:6      | Reached skill level 5 in Invocations
  5764 | D:6      | Found a glowing golden altar of the Shining One.
  5928 | D:6      | Reached skill level 6 in Invocations
  6770 | D:7      | Found Xastro's Armour Shop.
  6773 | D:7      | Bought a +0 kite shield for 63 gold pieces
  6773 | D:7      | Bought a +0 pair of gloves for 63 gold pieces
  8283 | D:8      | Noticed a death yak
  8286 | D:8      | Noticed a death yak
  8360 | D:6      | Reached skill level 7 in Invocations
  9450 | D:7      | Noticed Duvessa
  9464 | D:7      | Noticed Dowan
  9974 | D:7      | Noticed a troll
 11851 | D:5      | Reached XP level 9. HP: 77/81 MP: 14/14
 11997 | D:5      | Reached skill level 8 in Invocations
 12311 | D:5      | Found a hazy altar of Hepliaklqana.
 12704 | D:7      | Noticed a two-headed ogre
 12720 | D:7      | HP: 3/73 [troll (13)]
 12720 | D:7      | Slain by a troll

Illustrated notes

Levels and vault maps discovered:
D:1:      sevenhm_arrival_forest_fort_large_4, layout_basic, chequers_big_river,
          palyth_stone_intersect
D:2:      layout_loops_cross
D:3:      layout_basic, uniq_jessica
D:4:      layout_loops_corners, grunt_temple_overflow_open,
          mainiacjoe_overflow_brackets, minmay_temple_entry_proselytizer
D:5:      layout_rooms, lemuel_coloured_pillars_altar,
          hangedman_decor_slide_cut, kennysheep_minor_cross,
          amcnicky_mini_pool_small, minivault_19, minmay_small_thing
D:6:      layout_loops_ring, marbit_many_paths,
          mainiacjoe_overflow_concentric_impassable,
          chequers_hall_statues_corner_a, nicolae_underground_beach,
          uniq_blork_the_orc
D:7:      layout_loops_corners, serial_shops, nicolae_stop_n_shop_1,
          hangedman_decor_points, minmay_misc_feat_encased, uniq_duvessa
D:8:      layout_basic, grunt_temple_overflow_forces_of_nature,
          dpeg_lair_monsters, serial_shops, shop, biasface_ghost_orc_armoury,
          serial_glass, glass_columns_a, glass_columns_c, glass_columns_a,
          glass_columns_a, uniq_harold
Temple:   corrupted_temple

Skill      XL: |  1  2  3  4  5  6  7  8  9 |
---------------+----------------------------+-----
Armour         | 3 |  3.0
Crossbows      | 1 |  1.3
Fighting       | 2 3 5 6 |  6.0
Shields        | 2 4 |  4.8
Invocations    | 4 7 8 |  8.6
Axes           | |  4.3
Dodging        | |  0.2
Stealth        | |  0.1
Evocations     | |  1.0

Action                   |  1- 3 |  4- 6 |  7- 9 || total
-------------------------+-------+-------+-------++-------
Melee: Short sword       |    53 |     7 |   131 ||   191
       Falchion          |       |   171 |   349 ||   520
       Dagger            |       |     8 |       ||     8
       Long sword        |       |       |    10 ||    10
       War axe           |       |       |     7 ||     7
 Fire: Hand crossbow     |    26 |     1 |       ||    27
Throw: Dart              |       |       |     7 ||     7
 Abil: Spit Poison       |    21 |    19 |    39 ||    79
Evoke: Wand              |     2 |     2 |     5 ||     9
  Use: Scroll            |       |       |     8 ||     8
 Stab: Sleeping          |       |       |     1 ||     1
Armor: Ring mail         |    27 |    85 |   124 ||   236
       Robe              |       |       |   127 ||   127
Dodge: Dodged            |    56 |    82 |   187 ||   325
Block: Buckler           |       |    11 |    49 ||    60
       Kite shield       |       |       |   160 ||   160
       Rpst.: Falchion   |       |    21 |    30 ||    51
